 Dungeon Crawl Stone Soup version 0.29.0-13-gc9e81de378 (webtiles) character file.

Game seed: 11297381267117295816

6024 Charly the Carver (level 10, -4/85 HPs)
             Began as a Barachi Warper on Sept 7, 2022.
             Was a Priest of Lugonu.
             Slain by an unseen horror (9 damage)
             ... on level 9 of the Dungeon.
             The game lasted 00:31:38 (15943 turns).

Charly the Carver (Barachi Warper)                 Turns: 15943, Time: 00:31:39

Health: -4/85      AC: 11    Str: 24    XL:     10   Next: 86%
Magic:  15/15      EV: 11    Int: 13    God:    Lugonu [***...]
Gold:   385        SH:  0    Dex: 11    Spells: 11/13 levels left

rFire   . . .      SeeInvis .   a - +1 dagger (venom)
rCold   . . .      Faith    .   (no shield)
rNeg    . . .      Spirit   .   L - +0 swamp dragon scales
rPois   +          Reflect  .   N - +0 helmet
rElec   .          Harm     .   (no cloak)
rCorr   +          Rampage  .   (no gloves)
Will    .....                   K - +2 pair of boots
Stlth   +.........              (no amulet)
HPRegen 0.24/turn               P - +6 ring of strength
MPRegen 0.14/turn               e - ring of resist corrosion

@: unable to hop, hasted, very quick
A: amphibious, slowness 1, strong legs 1, +LOS
a: Hop, Renounce Religion, Depart the Abyss, Bend Space, Banish


You were on level 9 of the Dungeon.
You worshipped Lugonu.
Lugonu was most pleased with you.
You visited 1 branch of the dungeon, and saw 9 of its levels.

You collected 385 gold pieces.

Inventory:

Hand Weapons
 a - a +1 dagger of venom (weapon)
 b - a +0 scimitar
Missiles
 d - a boomerang of dispersal
 p - 2 boomerangs
 G - 5 datura-tipped darts (quivered)
 J - a silver boomerang
Armour
 s - a +0 ring mail
 K - a +2 pair of boots (worn)
 L - +0 swamp dragon scales (worn)
 N - a +0 helmet (worn)
Magical Staves
 v - a staff of cold
Jewellery
 e - a ring of resist corrosion (right hand)
 i - a ring of see invisible
 r - a ring of wizardry
 x - a +6 ring of intelligence
 P - a +6 ring of strength (left hand)
Wands
 u - a wand of polymorph (2)
 D - a wand of iceblast (3)
 H - a wand of flame (20)
Scrolls
 c - a scroll of enchant armour {unknown}
 f - a scroll of torment {unknown}
 g - a scroll of amnesia
 l - a scroll of poison {unknown}
 n - 2 scrolls of teleportation
 o - a scroll of magic mapping {unknown}
 A - a scroll of fog
 B - 3 scrolls of immolation
 F - a scroll of brand weapon {unknown}
 I - a scroll of vulnerability {unknown}
Potions
 h - a potion of resistance
 k - 2 potions of lignification
 m - 4 potions of mutation
 q - 4 potions of magic
 t - 3 potions of flight {unknown}
 w - 4 potions of attraction {unknown}
 z - 2 potions of heal wounds {unknown}
 E - 2 potions of degeneration {unknown}
 O - 2 potions of curing


   Skills:
 + Level 10.1 Fighting
 + Level 12.5 Long Blades
 - Level 1.0 Throwing
 - Level 1.2 Armour
 - Level 2.1 Dodging
 - Level 2.0 Stealth
 - Level 2.1 Spellcasting
 - Level 3.2 Translocations
 + Level 7.4 Invocations
 - Level 3.0 Evocations


You had 11 spell levels left.
You knew the following spells:

 Your Spells              Type           Power      Damage    Failure   Level
b - Blink                 Tloc           18%        N/A       16%         2

Your spell library contained the following spells:

 Spells                   Type           Power      Damage    Failure   Level
 Gell's Gravitas          Tloc           9%         N/A       30%         3
 Lesser Beckoning         Tloc           9%         N/A       30%         3
 Teleport Other           Tloc           9%         N/A       30%         3
 Magic Dart               Conj           4%         1d3       36%         1
 Slow                     Hex            4%         N/A       36%         1
 Searing Ray              Conj           2%         2d4       52%         2
 Confusing Touch          Hex            1%         N/A       75%         3
 Vampiric Draining        Necr           1%         2d6       75%         3
 Manifold Assault         Tloc           9%         N/A       95%         5
 Fulminant Prism          Conj/Hex       0%         3d6       98%         4


Dungeon Overview and Level Annotations

Branches:
Dungeon (9/15)             Temple (0/1) D:7
   Lair: D:8-11         Orc: D:9-12

Altars:
Elyvilon
Fedhas
Sif Muna
Lugonu

Annotations:
Abyss:1 Duvessa


Innate Abilities, Weirdness & Mutations

You are amphibious.
You cover ground slowly.
You can hop short distances.
You have an extended range of vision and can be seen from far away.


Message History

t - Croak!
Orders for allies: a - Attack new target. r - Retreat! s - Stop attacking. g - Guard the area. f - Follow me.
Anything else - Cancel.
Okay, then.
Unknown command.
Unknown command.
As you read the scroll of fear, it crumbles to dust.
You assume a fearsome visage.
The orc priest looks frightened! x2
The centaur shoots an arrow.
The arrow hits you.
* * * LOW HITPOINT WARNING * * *
You feel yourself speed up.
The centaur zaps a wand.
The puff of flame misses you.
The centaur shoots an arrow.
The arrow hits you.
* * * LOW HITPOINT WARNING * * *
The orc wizard casts a spell at you.
You are confused.
You're too confused to move!
The centaur shoots an arrow.
The arrow hits you but does no damage.
The centaur shoots an arrow.
The arrow barely misses you.
The centaur shoots an arrow.
The arrow hits you.
* * * LOW HITPOINT WARNING * * *
Okay, then.
The centaur zaps a wand.
The puff of flame hits you!
* * * LOW HITPOINT WARNING * * *
The orc wizard gestures at you while chanting.
The puff of flame hits you.
* * * LOW HITPOINT WARNING * * *
The centaur shoots an arrow.
The arrow hits you.
* * * LOW HITPOINT WARNING * * *
The centaur shoots an arrow.
The arrow hits you but does no damage.
The centaur zaps a wand.
The puff of flame hits you but does no damage.
You feel less confused.
The centaur shoots an arrow.
The arrow barely misses you.
The orc wizard gestures at you while chanting.
The magic dart hits something.
Something hits you!
You die...

#....###....#
##..#####..##
#........##
#####....###.#######
#.........co....[...
#.###....####..#####
#.#....o.....#.##...
#)#.########.#{...:o
#.#@#<.....#.####o#.
#.#.######.#.# .#
#.#.# #.#.# .# #)#.#
#.#.# .#
#)#)######.#.# .#
#.#........#.. ..
###'############ ##
#.............
#.....#######


There were no monsters in sight!

Vanquished Creatures
  Prince Ribbit (D:9)
  Grinder (D:4)
  A wyvern (D:9)
  A wraith (D:9)
  4 yaks
  2 steam dragons (D:8)
  A water moccasin (D:4)
  3 orc warriors
  2 sky beasts (D:8)
  4 ice beasts
  A black bear (D:6)
  2 centaurs
  An ogre (D:6)
  2 kobold brigands
  2 phantoms
  Blork the orc (D:4)
  A necrophage (D:6)
  A scorpion (D:7)
  5 bullfrogs
  A wight (D:9)
  6 killer bees
  Dowan (D:5)
  5 jellies
  12 howler monkeys
  2 hounds (D:4)
  5 orc priests
  A gnoll bouda (D:7)
  8 iguanas
  Natasha (thrice) (D:2)
  6 orc wizards
  6 gnolls
  4 adders
  A white imp (D:6)
  3 ufetubi
  A worm (D:6)
  5 dart slugs
  26 orcs
  7 ball pythons
  5 endoplasms
  A giant cockroach (D:1)
  4 goblins
  5 hobgoblins
  A jackal (D:2)
  12 kobolds
  3 quokkas
  8 bats
  3 frilled lizards
  4 rats
185 creatures vanquished.

Vanquished Creatures (collateral kills)
  2 orc priests (D:9)
  An orc wizard (D:9)
  An orc (D:9)
4 creatures vanquished.

Vanquished Creatures (others)
  23 plants
23 creatures vanquished.

Grand Total: 212 creatures vanquished

Notes
Turn   | Place    | Note
-------+----------+-------------------------------------------
     0 | D:1      | Charly the Barachi Warper began the quest for the Orb.
     0 | D:1      | Reached XP level 1. HP: 17/17 MP: 3/3
   613 | D:1      | Reached skill level 3 in Long Blades
   642 | D:1      | Reached XP level 2. HP: 23/23 MP: 5/5
  1008 | D:1      | Found a faded altar of an unknown god.
  1135 | D:1      | Prayed at the altar of an unknown god.
  1135 | D:1      | Became a worshipper of Lugonu the Unformed
  1135 | D:1      | Reached * piety under Lugonu
  1135 | D:1      | Reached ** piety under Lugonu
  1170 | D:1      | Learned a level 2 spell: Blink
  1518 | D:2      | Noticed Natasha
  1524 | D:2      | Noticed a crimson imp
  1541 | D:3      | Reached XP level 3. HP: 29/29 MP: 6/6
  1675 | D:3      | Found a shimmering blue altar of Sif Muna.
  2541 | D:3      | Reached skill level 4 in Long Blades
  2541 | D:3      | Reached skill level 1 in Stealth
  2541 | D:3      | Reached XP level 4. HP: 35/35 MP: 7/7
  2781 | D:2      | Killed Natasha
  2799 | D:2      | Reached skill level 1 in Invocations
  2958 | D:2      | Noticed Natasha
  2980 | D:2      | Killed Natasha
  2981 | D:2      | Reached XP level 5. HP: 31/41 MP: 8/8
  3611 | D:2      | Noticed Natasha
  3629 | D:2      | Killed Natasha
  3866 | D:3      | Reached skill level 5 in Long Blades
  3992 | D:4      | Reached XP level 6. HP: 48/48 MP: 9/9
  4151 | D:4      | Noticed Blork the orc
  4158 | D:4      | Killed Blork the orc
  4316 | D:4      | Reached skill level 6 in Long Blades
  4510 | D:4      | Noticed a water moccasin
  4532 | D:4      | Killed a water moccasin
  4533 | D:4      | Reached XP level 7. HP: 55/55 MP: 10/10
  4698 | D:4      | Noticed Edmund
  4699 | D:4      | Noticed Edmund
  4699 | D:4      | Edmund changed into Edmund the gnoll
  4946 | D:4      | Noticed Edmund
  4946 | D:4      | Edmund the gnoll changed into Edmund the rat
  4951 | D:4      | Killed Edmund the rat
  5805 | D:5      | Entered Level 5 of the Dungeon
  5834 | D:5      | Noticed Duvessa
  5834 | D:5      | Noticed Dowan
  5873 | D:5      | Noticed Grinder
  5908 | D:4      | Paralysed by Grinder for 4 turns
  5914 | D:4      | Killed Grinder
  5915 | D:4      | Reached skill level 5 in Fighting
  5915 | D:4      | Reached skill level 7 in Long Blades
  5915 | D:4      | Reached skill level 1 in Evocations
  6239 | D:4      | Reached XP level 8. HP: 26/63 MP: 11/11
  6256 | D:4      | Reached *** piety under Lugonu
  7321 | D:4      | Reached skill level 8 in Long Blades
  8590 | D:6      | Reached skill level 9 in Long Blades
  8619 | D:6      | Reached XP level 9. HP: 71/71 MP: 12/12
  9977 | D:6      | Reached skill level 10 in Long Blades
 10862 | D:6      | Reached skill level 5 in Invocations
 11883 | D:7      | Found a staircase to the Ecumenical Temple.
 12705 | D:7      | Found a blossoming altar of Fedhas.
 12706 | D:7      | Found a white marble altar of Elyvilon.
 12836 | D:8      | Reached skill level 11 in Long Blades
 13159 | D:8      | Reached **** piety under Lugonu
 13341 | D:7      | Reached XP level 10. HP: 55/82 MP: 14/14
 14045 | D:8      | Noticed Maggie
 14048 | D:8      | Noticed Maggie
 14048 | D:8      | Maggie changed into Maggie the sky beast
 14059 | D:8      | Killed Maggie the sky beast
 14395 | D:5      | Killed Dowan
 14450 | D:5      | Banished Duvessa
 14451 | D:5      | Reached skill level 12 in Long Blades
 15489 | D:9      | Noticed Prince Ribbit
 15507 | D:9      | Killed Prince Ribbit
 15508 | D:9      | Reached skill level 10 in Fighting
 15943 | D:9      | Slain by an unseen horror

Illustrated notes

Levels and vault maps discovered:
D:1:      amcnicky_arrival_blooded_trapdoor, layout_loops_ring,
          shapermc_ecumenical_altar_hornbeckon, minmay_misc_feat_doors,
          st_stairs_3
D:2:      minmay_recursive_quarters, layout_loops_ring, palyth_stone_intersect,
          reono_crystal_passage, wander_ebering_terrifying_dragon_lair,
          uniq_natasha
D:3:      layout_rooms, led_sif_pool, kennysheep_pointless_box
D:4:      layout_basic, uniq_edmund, uniq_blork_the_orc
D:5:      layout_cave_pools, minmay_checkerbox, uniq_duvessa, uniq_grinder
D:6:      layout_loops_corners, serial_bayou, serial_bayou_ford_a,
          serial_bayou_pond_b, serial_bayou_pond_a, serial_bayou_pond_e
D:7:      layout_basic, gammafunk_temple_overflow_statue, temple_pool_b
D:8:      layout_cave_pools, serial_column_ruins, column_ruins_square_huge,
          column_ruins_hut, column_ruins_grid_1, column_ruins_open_medium,
          column_ruins_open_medium, uniq_maggie
D:9:      corexii_shack_village, layout_basic, lemuel_coloured_pillars_altar,
          tgw_kikubaaqudgha, minmay_circle_x, uniq_prince_ribbit1

Skill      XL: |  1  2  3  4  5  6  7  8  9 10 |
---------------+-------------------------------+-----
Long Blades    | 3 4 5 6 7 9 11 12 | 12.5
Fighting       | 3 4 5 6 8 10 | 10.1
Stealth        | 1 2 |  2.0
Invocations    | 1 2 3 4 5 7 |  7.4
Evocations     | 1 3 |  3.0
Throwing       | |  1.0
Armour         | |  1.2
Dodging        | |  2.1
Spellcasting   | |  2.1
Translocations | |  3.2

Action                   |  1- 3 |  4- 6 |  7- 9 | 10-12 || total
-------------------------+-------+-------+-------+-------++-------
Melee: Falchion          |    80 |   141 |   502 |       ||   723
       Punch             |     1 |     1 |    10 |     1 ||    13
       Dagger            |       |       |   158 |   144 ||   302
       Scimitar          |       |       |       |    67 ||    67
Throw: Boomerang         |     2 |       |     4 |       ||     6
       Dart              |     1 |    15 |    15 |     6 ||    37
       Throwing net      |       |     2 |       |       ||     2
Invok: Bend Space        |       |       |     3 |     1 ||     4
       Banish            |       |       |     1 |     5 ||     6
 Abil: Hop               |     2 |     2 |     8 |     3 ||    15
Evoke: Wand              |       |       |    20 |     9 ||    29
  Use: Scroll            |       |     3 |     8 |     2 ||    13
       Potion            |       |     1 |     3 |     1 ||     5
 Stab: Held in net/web   |       |     2 |       |       ||     2
       Paralysed         |       |       |       |     1 ||     1
Armor: Leather armour    |    19 |     2 |       |       ||    21
       Ring mail         |       |    42 |   181 |    35 ||   258
       Skin              |       |    14 |    11 |       ||    25
       Swamp dragon scal |       |       |       |    59 ||    59
Dodge: Dodged            |    43 |    65 |   275 |   102 ||   485
